[Event "Czech Championship 2022"]
[Site "Usti nad Labem"]
[Date "2022.05.16"]
[Round "3.1"]
[White "Navara, David"]
[Black "Cernousek, Lukas"]
[Result "1/2-1/2"]
[ECO "C54"]
[WhiteElo "2682"]
[BlackElo "2440"]
[Annotator "TA"]
[PlyCount "81"]
[EventDate "2022.05.12"]
[EventType "swiss"]
[EventCountry "CZE"]
[SourceTitle "playchess.com"]
[Source "ChessBase"]
[SourceQuality "1"]
[TimeControl "40/5400+30:1800+30"]

1. e4 e5 2. Nf3 Nc6 3. Bc4 Bc5 4. c3 Nf6 5. d3 O-O 6. O-O d5 7. exd5 Nxd5 8. a4 {[%emt 0:00:09] C54: Giuoco Piano: 4 c3 Nf6, main lines with 5 d4 and 5 d3.} a5 9. Re1 Bg4 10. Nbd2 {[%emt 0:00:08] White has an edge.} Nb6 11. Bb5 Bd6 12. Ne4 Na7 13. h3 Bh5 14. d4 (14. Be3 {is interesting.} Nxb5 15. axb5 f5 16. Nxd6 cxd6 17. Qb3+) 14... Nxb5 (14... exd4 {feels hotter.} 15. Qxd4 Nxb5 16. axb5 Bxf3 17. Nxd6 Qxd6 18. Qxd6 cxd6 19. gxf3 a4) 15. axb5 exd4 (15... Nd7 {seems wilder.} 16. Bg5 f6 17. Bh4 Re8) 16. Nxd6 Qxd6 17. Qxd4 Bxf3 18. Qxd6 cxd6 19. gxf3 Rfd8 20. Re7 Rd7 21. Rxd7 Nxd7 $14 {[%emt 0:00:02][%mdl 4096] Endgame KRB-KRN} 22. Bf4 Nb6 {[%emt 0:00:51] [#]} 23. Bxd6 $146 ({Predecessor:} 23. b3 a4 24. bxa4 Rxa4 25. Re1 h6 26. Bxd6 Ra5 27. Rb1 Nc4 28. Bg3 Na3 29. Rb3 Nxb5 30. Kg2 Na3 31. Rxb7 Rc5 32. Bd6 {½-½ (32) Duda,J (2756)-Shirov,A (2673) Terme Catez 2021}) 23... Nc4 {[%emt 0:00:13][%csl LRb2,LRd6] The position is equal.} 24. Bc7 Nxb2 25. Rxa5 Rxa5 26. Bxa5 $11 {[%emt 0:00:06] KB-KN} f6 27. f4 f5 28. Bb6 Kf7 29. Kg2 Ke6 30. Bd4 g6 31. Kg3 Nc4 32. Kh4 h6 33. Bg7 h5 34. Kg5 Kf7 35. Bd4 Nd6 36. b6 $1 Ne4+ 37. Kh6 {[%emt 0:00:07] [#] c4 is the strong threat.} Nd2 38. Kh7 Nc4 39. Kh6 Nd2 40. Be3 Nc4 41. Bd4 {[%emt 0:30:07] Weighted Error Value: White=0.02 (flawless) /Black=0.01 (flawless)} 1/2-1/2

[Event "Czech Championship 2022"]
[Site "Usti nad Labem"]
[Date "2022.05.16"]
[Round "3.2"]
[White "Hracek, Zbynek"]
[Black "Gnojek, Petr"]
[Result "1-0"]
[ECO "B81"]
[WhiteElo "2570"]
[BlackElo "2302"]
[Annotator "TA"]
[PlyCount "99"]
[EventDate "2022.05.12"]
[EventType "swiss"]
[EventCountry "CZE"]
[SourceTitle "playchess.com"]
[Source "ChessBase"]
[SourceQuality "1"]
[TimeControl "40/5400+30:1800+30"]

1. e4 c5 2. Nf3 e6 3. d4 cxd4 4. Nxd4 Nf6 5. Nc3 d6 6. g4 h6 7. Rg1 Nc6 8. Be3 a6 {[%emt 0:07:13] 8...Be7 is the modern continuation.} 9. Nxc6 $5 {[%emt 0:00:30][%mdl 4] A promising side line. B81: Sicilian Scheveningen: Keres Attack.} bxc6 10. Qf3 d5 11. O-O-O {[%emt 0:00:45] [#] White is slightly better.} Bb4 $146 ({Predecessor:} 11... Qa5 12. exd5 cxd5 13. Bd4 Rb8 14. h4 Bc5 15. Be5 Rb7 16. g5 hxg5 17. Rxg5 Nd7 18. Bxg7 Rxh4 19. Nxd5 exd5 20. Qxd5 {1-0 (27) Bukhteeva,V (2165)-Chernyak,V (1939) St Petersburg 2012}) 12. Bd2 ({Better is} 12. exd5 $16 cxd5 13. Bd4) 12... Bxc3 (12... Qe7 $11) 13. Qxc3 $16 (13. Bxc3 $6 Nxe4 14. Qxe4 dxe4 $11) 13... Nxe4 14. Qxg7 Qf6 15. Qxf6 Nxf6 16. Bc3 Ke7 17. Bb4+ {[%emt 0:00:50] A strong pair of Bishops.} Ke8 18. Rd3 {[%emt 0:04:47] [#] And now Bc3 would win. White is more active.} Rg8 19. Be2 e5 20. Re3 e4 21. Bc3 Rg6 22. f3 Ra7 23. Bxf6 (23. f4 $18) 23... Rxf6 24. fxe4 Re7 25. Bd3 Rg6 26. Kd2 {[%emt 0:01:45] exd5 is the strong threat.} dxe4 27. Rge1 Bxg4 (27... Rxg4 $16 28. Bxe4 (28. Rxe4 Rgxe4 29. Bxe4 c5 $11) 28... Kd8) 28. Rxe4 $18 Rxe4 29. Rxe4+ $16 {[%emt 0:00:57][%mdl 4096] Endgame KRB-KRB} ({Resist} 29. Bxe4 $6 Rd6+ 30. Bd3+ Kd7 $16) 29... Be6 30. Re2 {[%emt 0:01:39] Inhibits Rg2.} (30. Bxa6 $18 Kd7 31. a4) 30... Rg5 (30... Rg4 $142) 31. Bxa6 Kd7 32. Bd3 c5 33. b3 Kd6 34. a4 Rg1 35. a5 Ra1 36. a6 Bc8 37. Re8 Kc7 {[%emt 0:01:22] [#]} (37... Be6 {is a better chance.} 38. Rd8+ Ke5) 38. Re7+ $18 Kb8 39. Rxf7 Bxa6 40. Rh7 Bxd3 41. Kxd3 {[%emt 0:30:06] KR-KR} ({Worse is} 41. cxd3 Ra2+ 42. Kc3 Rxh2 $11) 41... Rd1+ 42. Kc4 Rd2 43. c3 Rxh2 44. Kxc5 {[%emt 0:00:00] White mates.} Rh3 45. Kb4 Kc8 46. c4 Kd8 47. c5 Ke8 48. c6 Kd8 49. Kc4 Rh4+ 50. Kc5 {[%emt 0:00:00] Weighted Error Value: White=0.08 (flawless) /Black=0.42} 1-0

[Event "Czech Championship 2022"]
[Site "Usti nad Labem"]
[Date "2022.05.16"]
[Round "3.3"]
[White "Rubes, Jan"]
[Black "Plat, Vojtech"]
[Result "0-1"]
[ECO "E69"]
[WhiteElo "2386"]
[BlackElo "2547"]
[Annotator "TA"]
[PlyCount "66"]
[EventDate "2022.05.12"]
[EventType "swiss"]
[EventCountry "CZE"]
[SourceTitle "playchess.com"]
[Source "ChessBase"]
[SourceQuality "1"]
[TimeControl "40/5400+30:1800+30"]

1. c4 d6 2. Nc3 e5 3. Nf3 Nf6 4. d4 exd4 5. Nxd4 g6 6. g3 Bg7 7. Bg2 O-O 8. O-O Nbd7 9. e4 a5 10. h3 Nc5 11. Be3 Re8 12. Qc2 c6 13. Rfe1 Nfd7 14. Rad1 a4 15. Nf3 {[%emt 0:16:56] E69: King's Indian: Fianchetto: 6...Nbd7 7 0-0 e5 8 e4 c6 9 h3.} Qe7 (15... Qa5 $5 ) 16. Bd4 {[%emt 0:08:09] [#]} Ne5 $146 ({Predecessor:} 16... Bxd4 17. Nxd4 Ne5 18. Qe2 g5 19. f3 Qf6 20. Qf1 Kg7 {½-½ (20) Varhol,M (2001)-Kubikova,H (2273) Slovakia email 2001}) 17. Nxe5 {[%emt 0:00:52] The position is equal.} dxe5 18. Bxc5 Qxc5 19. Nxa4 Qb4 20. b3 Be6 21. c5 Bf8 22. Bf1 Red8 {[%emt 0:06:32][%mdl 1024] Black has compensation.} 23. Kh2 h5 24. h4 Bg4 25. Be2 Be6 26. Bf1 Rd4 {[%emt 0:01:51] [#]} (26... Bg4 $11 27. Be2 Be6) 27. Rxd4 $1 $16 exd4 28. Rd1 Bg4 29. Qd2 (29. Rb1 $14) 29... Bxc5 $15 30. Nxc5 Qxc5 31. Rc1 ({Better is} 31. Be2 $15) 31... Rxa2 $1 $19 32. Qxa2 (32. Qf4 Qe7 33. e5) 32... Qxc1 33. Bc4 {[%emt 0:00:22] [#] Strongly threatening Qa8+.} Bf3 {[%emt 0:00:35] Weighted Error Value: White=0.89/Black=0.08 (flawless)} 0-1

[Event "Czech Championship 2022"]
[Site "Usti nad Labem"]
[Date "2022.05.16"]
[Round "3.4"]
[White "Zwardon, Vojtech"]
[Black "Delgerdalai, Bayarjavkhlan"]
[Result "1-0"]
[ECO "A20"]
[WhiteElo "2482"]
[BlackElo "2119"]
[Annotator "TA"]
[PlyCount "65"]
[EventDate "2022.05.12"]
[EventType "swiss"]
[EventCountry "CZE"]
[SourceTitle "playchess.com"]
[Source "ChessBase"]
[SourceQuality "1"]
[TimeControl "40/5400+30:1800+30"]

1. c4 e5 2. g3 c6 3. Nf3 e4 4. Nd4 d5 5. cxd5 Qxd5 6. e3 Nf6 {[%emt 0:00:42] A20: English Opening: 1...e5.} 7. Nc3 Qe5 8. f4 exf3 {[%emt 0:00:57] The position is equal.} 9. Nxf3 {[%emt 0:00:03] [#]} Qd6 $146 (9... Qh5 $11) ({Predecessor:} 9... Qc7 10. Bg2 Bb4 11. O-O O-O 12. Qc2 Bg4 13. e4 Re8 14. d3 Na6 15. Bf4 Qb6+ {1-0 (72) Maghsoodloo,P (2676)-Gazik,V (2539) Chess.com INT 2020}) 10. d4 $16 Bg4 11. Bg2 Nbd7 12. e4 Qe6 13. O-O O-O-O {[%emt 0:06:57] [#]} (13... Nxe4 $2 14. Nxe4 h6 15. Neg5 $1 $18 ) (13... Be7 $16) 14. Qa4 $1 $18 Bxf3 (14... Kb8 $142) 15. Bxf3 ({Don't do} 15. Rxf3 $6 Kb8 $16) 15... a6 (15... Kb8 $142 16. Bf4+ Ka8) 16. Bf4 Rg8 {[%emt 0:09:52] [#]} 17. Nb5 $1 cxb5 18. Rac1+ ({Less strong is} 18. Qa5 Bd6 19. Rac1+ Kb8 $16) 18... Nc5 19. Qa5 Rd7 {[%emt 0:05:16] Inhibits Qc7+.} (19... Qc6 20. dxc5 Rd4) 20. dxc5 {[%emt 0:01:22][%cal Oc5c6] Strongly threatening c6!} Qc6 21. Bd6 {[%emt 0:01:39] This bishop pair is nice.} Nxe4 22. Qe1 f5 23. Bxe4 fxe4 24. Bxf8 h5 25. Qe2 h4 26. Bd6 Rh8 27. Qg4 {[%emt 0:01:00] Rf7 is the strong threat.} hxg3 28. Bxg3 {[%emt 0:00:08] And now Rcd1 would win.} Re8 29. Rf7 (29. Rcd1 $142 Red8 30. b4 g6 31. Rd6 Qc7 32. Rxg6 Kb8 33. Bxc7+ Rxc7 34. Qxe4) 29... Red8 30. Rxg7 Qh6 31. Rxd7 Rxd7 32. Rd1 Qe3+ 33. Bf2 {[%emt 0:00:07] Black got outplayed after the opening.  Weighted Error Value: White=0.21 (precise) /Black=0.95} 1-0

[Event "Czech Championship 2022"]
[Site "Usti nad Labem"]
[Date "2022.05.16"]
[Round "3.5"]
[White "Stalmach, Richard"]
[Black "Kraus, Tomas"]
[Result "1-0"]
[ECO "D37"]
[WhiteElo "2350"]
[BlackElo "2472"]
[Annotator "TA"]
[PlyCount "69"]
[EventDate "2022.05.12"]
[EventType "swiss"]
[EventCountry "CZE"]
[SourceTitle "playchess.com"]
[Source "ChessBase"]
[SourceQuality "1"]
[TimeControl "40/5400+30:1800+30"]

1. d4 Nf6 2. c4 e6 3. Nf3 d5 4. Nc3 a6 5. cxd5 exd5 6. Bg5 {[%emt 0:00:27] D37: Queen's Gambit Declined: 5 Bf4.} Be6 7. e3 Nbd7 8. Bd3 {[%emt 0:01:41] White has an edge.} Bd6 9. O-O O-O 10. Rc1 h6 11. Bf4 Bxf4 12. exf4 {[%emt 0:00:09] [#] And now f5 would win.} Bg4 13. h3 Bxf3 14. Qxf3 {[%emt 0:00:03] [#]} c6 $146 ({Predecessor:} 14... Nb6 15. Ne2 Nc8 16. g4 Nd6 17. Ng3 c6 18. g5 hxg5 19. fxg5 Nfe4 20. h4 Qb6 21. Bxe4 Nxe4 22. Nxe4 dxe4 23. Qxe4 Rfe8 24. Qg4 {½-½ (24) Reis,G (2232)-Knoll,H (2285) Bayern 2020}) 15. g4 Ne8 16. Kh1 Nd6 17. Rg1 Qh4 18. Rg3 Rae8 19. g5 f5 {[%emt 0:12:24][%cal Bf7f5,Bf5e4][%mdl 32] Against Rg4} 20. Rcg1 Ne4 (20... hxg5 $15 21. Rxg5 Rf7) 21. Nxe4 $1 $11 fxe4 {[%emt 0:11:55] [#]} 22. gxh6 $1 Qxh6 (22... exf3 $2 23. Rxg7+ Kh8 24. Rh7#) 23. Rxg7+ Kh8 $2 (23... Qxg7 $16 24. Rxg7+ Kxg7 25. Qg4+ Kf6 26. Bxa6 Rg8 27. Qxd7 Re7 28. Qd6+ Re6) 24. Qg3 $18 Nf6 {[%emt 0:09:40] Inhibits Rg4.} 25. Rg6 $40 {[%emt 0:00:07][%mdl 128] White is out for blood. The board is on fire.} Qh7 26. Bf1 {[%emt 0:00:15] Qg5 is the strong threat.} Rg8 (26... Nh5 $2 27. Qg5 Rg8 28. f5 $18) 27. f5 Re7 $2 {[%emt 0:00:45] A mistake that costs the game.} (27... Rxg6 $16 {keeps fighting.} 28. fxg6 Qh5) 28. Qg5 (28. Rxg8+ $142 Nxg8 29. Qb8) 28... Rf7 $2 (28... Rxg6 29. fxg6 Qg7) 29. Rg3 {[%emt 0:01:56] Strongly threatening Qe3.} Rgg7 30. Qf4 Ng8 31. Qe5 a5 32. Kh2 Re7 33. f6 Qxg6 34. fxe7 ({Weaker is} 34. fxg7+ Kh7 $14) ({Less strong is} 34. Rxg6 Rxe5 35. fxg7+ Kh7 $14) 34... Qf6 35. e8=Q {[%emt 0:00:28] Weighted Error Value: White=0.11 (very precise) /Black=0.65} 1-0

[Event "Czech Championship 2022"]
[Site "Usti nad Labem"]
[Date "2022.05.16"]
[Round "3.6"]
[White "Mikes, Jan"]
[Black "Babula, Vlastimil"]
[Result "0-1"]
[ECO "B23"]
[WhiteElo "2349"]
[BlackElo "2576"]
[Annotator "TA"]
[PlyCount "122"]
[EventDate "2022.05.12"]
[EventType "swiss"]
[EventCountry "CZE"]
[SourceTitle "playchess.com"]
[Source "ChessBase"]
[SourceQuality "1"]
[TimeControl "40/5400+30:1800+30"]

1. e4 c5 2. Nc3 Nc6 3. Bb5 Nd4 4. Nf3 a6 5. Bd3 Nc6 6. O-O {[%emt 0:01:07] B23: Closed Sicilian: Lines without g3.} e6 7. b3 {[%emt 0:02:33] 7.e5 deserves study.} d6 8. Bb2 {[%emt 0:00:23] The position is equal.} Nf6 9. Re1 e5 10. Nd5 Be7 11. c3 O-O 12. Nxe7+ {[%emt 0:00:56] [#]} Qxe7 $146 ({Predecessor:} 12... Nxe7 13. Bf1 Ng6 14. d4 Qc7 15. g3 Bd7 16. Bg2 Rfe8 17. d5 h6 18. h3 Nh7 {1-0 (46) Trent,L (2423)-Emms,J (2502) Southend 2006}) 13. h3 Nh5 14. Bf1 Nf4 15. d4 Qf6 16. Kh2 (16. d5 $5 Ne7 17. Bc1 $11) 16... g5 17. d5 Ne7 18. Bc1 ({White should try} 18. g3 $11) 18... g4 $15 19. Ng1 gxh3 $1 {[%emt 0:04:30] Black is more active.} 20. g3 {[%emt 0:00:40] [#]} Nd3 21. f4 $1 $11 Nxe1 22. Qxe1 {[%emt 0:00:05] [#]} (22. f5 $1 $15) 22... exf4 $1 $19 23. gxf4 Kh8 24. Bd2 Ng6 25. c4 {[%emt 0:02:28] Threatens to win with Bc3.} Qg7 (25... Nxf4 $2 26. Bc3 Qe5 27. Bxe5+ dxe5 28. Nxh3 $18) 26. Bc3 (26. Qg3 $17 {was called for.}) 26... f6 27. Qg3 Bd7 ({Black should play} 27... Qh6 $19 28. Ne2 Bd7) 28. Re1 (28. Bxh3 $17 {is a better defense.} Rae8 29. Bxd7 Qxd7 30. Re1) 28... Rae8 (28... Qh6 $19 29. Bxh3 b6) 29. Nf3 $17 Kg8 (29... b5 $17 30. f5 Ne5 31. Qxg7+ Kxg7 32. Nxe5 fxe5) 30. a3 h5 31. Bxh3 Bg4 32. Bxg4 hxg4 33. Qxg4 Qh6+ 34. Kg3 $1 {[%emt 0:09:58] [#]} Rxe4 $1 35. Rxe4 f5 {[%emt 0:00:06] The board is on fire.} 36. Qg5 Qxg5+ 37. Nxg5 {[%emt 0:00:05] White wants to mate with Re6.} fxe4 38. Nxe4 Nxf4 $11 {[%emt 0:00:45][%mdl 4096] Endgame KRN-KBN} 39. Kg4 ({Not} 39. Nf6+ $2 {[#]} Rxf6 $1 40. Bxf6 Nh5+ 41. Kg4 Nxf6+ $19) 39... Ne2 {[%emt 0:01:34] White must now prevent ...Rf4+.} 40. Bd2 {[%emt 0:00:34] Inhibits Rf4+.} (40. Bf6 $1 $11 {remains equal.}) 40... Nd4 $17 {[%emt 0:01:59] Black converts the advantage convincingly.} 41. b4 $2 (41. Nxd6 $17 Nxb3 42. Bg5) 41... Nf3 $19 42. Bf4 cxb4 43. Kxf3 $2 (43. axb4 {only move.} Ne5+ 44. Bxe5 dxe5 45. Kg5) 43... bxa3 {[%emt 0:00:16] Hoping for ...a2.} 44. Nc3 Rc8 45. Bxd6 Rxc4 46. Be5 Kf7 47. Ke3 b5 {[%emt 0:00:53] Strongly threatening ...Rh4.} 48. Kd3 Rh4 49. Kc2 b4 50. Na2 a5 {[%emt 0:03:14][%cal Ba6a5,Ba5a4][%mdl 32] ...a4 is the strong threat.} 51. Bd6 Rh3 (51... Rh6 $142 52. Bb8 Rh5) 52. Nc1 Ke8 {[%emt 0:07:22] aiming for ...Kd7.} 53. Be5 a4 {[%emt 0:01:04] Black mates.} 54. Bd6 b3+ 55. Kb1 b2 56. Bxa3 bxc1=Q+ 57. Bxc1 {[%emt 0:00:03] KR-KB} Kd7 58. Bf4 Rf3 59. Be5 Rf5 60. Bc3 Kd6 61. Ka2 Rf3 {[%emt 0:00:59] Weighted Error Value: White=0.53/Black=0.14 (very precise)} 0-1

[Event "Czech Championship 2022"]
[Site "Usti nad Labem"]
[Date "2022.05.16"]
[Round "3.7"]
[White "Stocek, Jiri"]
[Black "Sorm, Daniel"]
[Result "1-0"]
[ECO "A21"]
[WhiteElo "2533"]
[BlackElo "2306"]
[Annotator "TA"]
[PlyCount "83"]
[EventDate "2022.05.12"]
[EventType "swiss"]
[EventCountry "CZE"]
[SourceTitle "playchess.com"]
[Source "ChessBase"]
[SourceQuality "1"]
[TimeControl "40/5400+30:1800+30"]

1. c4 e5 2. Nc3 d6 3. Nf3 f5 4. g3 Nf6 5. d4 e4 6. Nh4 {[%emt 0:00:10] A21: English Opening: 1...e5 2 Nc3.} c6 7. Bg5 Be7 8. Bh3 {[%emt 0:01:19] [#] The position is equal.} Ng4 $146 ({Predecessor:} 8... g6 9. Qb3 Nbd7 10. O-O-O Qb6 11. f3 Qxb3 12. axb3 exf3 13. exf3 Kf7 14. Rhe1 Nf8 {1-0 (48) Modler,A (2225)-Luethke,H (2115) Germany 2020}) 9. Bxe7 Qxe7 10. Bxg4 fxg4 11. Qc2 O-O $1 12. Qxe4 Qf7 13. O-O {[%emt 0:02:46] Active counter play!} Qxc4 14. f3 Nd7 15. Nf5 Nf6 16. Nxd6 Qb4 17. Qe5 {[%emt 0:01:20] Threatens to win with Nce4.} Rd8 (17... Qxb2 $11 {remains equal.} 18. Qe3 gxf3) 18. Qc5 $40 {[%emt 0:06:18][%mdl 128] White has strong attack.} a5 19. a3 Qb3 20. Rad1 b6 {[%emt 0:08:38] This costs Black the game.} (20... Be6 $16 {was called for.}) 21. Qxc6 $18 Ba6 (21... Bd7 $142 22. Qc4+ Qxc4 23. Nxc4 b5) 22. fxg4 Qe6 {[%emt 0:02:29] [#]} 23. Nf5 Qxc6 24. Ne7+ {[%emt 0:00:05] Pair of Knights!} Kh8 25. Nxc6 Rdc8 26. Ne5 {[%emt 0:00:54] g5 is the strong threat.} Rxc3 27. bxc3 {[%emt 0:00:05] White is clearly winning.} Bxe2 {[%emt 0:00:04] [#]} 28. c4 $1 Bxf1 (28... Bxd1 29. Rxd1) 29. Rxf1 {[%emt 0:01:04][%mdl 4096] Endgame KRN-KRN} ({Don't take} 29. Kxf1 Re8 30. Rb1 Re6 $18) 29... h6 30. Rb1 Kh7 31. Kf2 Rd8 32. Ke3 Rd6 33. d5 Ne8 34. Nc6 Nf6 35. h3 Nd7 36. Kd4 Rf6 37. Rb3 a4 38. Rb4 Rf3 (38... Rf1 $142 39. Rxa4 Rd1+ 40. Ke3 Nc5) 39. Ne5 Nxe5 40. Kxe5 Rxa3 41. Rxb6 Rb3 42. Ra6 {[%emt 0:00:00] Weighted Error Value: White=0.05 (flawless) /Black=0.37} 1-0

[Event "Czech Championship 2022"]
[Site "Usti nad Labem"]
[Date "2022.05.16"]
[Round "3.8"]
[White "Nytra, Ondrej"]
[Black "Rasik, Vitezslav"]
[Result "1/2-1/2"]
[ECO "B09"]
[WhiteElo "2219"]
[BlackElo "2433"]
[Annotator "TA"]
[PlyCount "59"]
[EventDate "2022.05.12"]
[EventType "swiss"]
[EventCountry "CZE"]
[SourceTitle "playchess.com"]
[Source "ChessBase"]
[SourceQuality "1"]
[TimeControl "40/5400+30:1800+30"]

1. e4 d6 2. d4 g6 3. Nc3 Bg7 4. f4 Nf6 5. Nf3 O-O 6. Bd3 Nc6 7. e5 dxe5 8. dxe5 Nd5 9. Nxd5 Qxd5 10. Qe2 Bf5 {[%emt 0:02:16] Prevents Be4. B09: Pirc Defence: Austrian Attack.} 11. Bxf5 gxf5 12. O-O Rad8 {[%emt 0:09:32] White has an edge.} 13. Be3 e6 14. c3 {[%emt 0:01:31] [#]} a6 $146 ({Predecessor:} 14... Rfe8 15. Rfd1 Qa5 16. Qc4 Bf8 17. h3 Ne7 18. Bf2 Nd5 19. g3 c5 20. Kg2 b5 {1-0 (31) Drozdowski,K (2511)-Bachmann,A (2628) Chess.com INT 2017}) 15. Rfd1 Qa5 16. Qc4 Qb5 17. Qxb5 axb5 18. Nd4 Nxd4 19. Rxd4 f6 20. Rad1 Rxd4 21. Rxd4 fxe5 $11 {[%emt 0:02:52][%mdl 4096] Endgame KRB-KRB} 22. Rd7 Rf7 23. Rd8+ Rf8 24. Rd7 exf4 25. Bxf4 e5 26. Rxc7 Rf7 27. Rc8+ Rf8 28. Rc7 Rf7 29. Rc8+ Rf8 30. Rc7 $1 {[%emt 0:00:53] Weighted Error Value: White=0.16 (very precise) /Black=0.21 (precise)} 1/2-1/2

[Event "Czech Championship 2022"]
[Site "Usti nad Labem"]
[Date "2022.05.16"]
[Round "3.9"]
[White "Finek, Vaclav"]
[Black "Sykora, Marek"]
[Result "1-0"]
[ECO "E01"]
[WhiteElo "2410"]
[BlackElo "2249"]
[Annotator "TA"]
[PlyCount "73"]
[EventDate "2022.05.12"]
[EventType "swiss"]
[EventCountry "CZE"]
[SourceTitle "playchess.com"]
[Source "ChessBase"]
[SourceQuality "1"]
[TimeControl "40/5400+30:1800+30"]

1. d4 d5 2. Nf3 Nf6 3. c4 c6 4. Qc2 e6 5. g3 Nbd7 6. Bg2 Bd6 7. O-O O-O 8. Rd1 Qe7 9. Nc3 {[%emt 0:00:17] E01: Catalan: Early deviations.} dxc4 10. Nd2 Nb6 11. Nce4 {[%emt 0:02:07] The position is equal.} Nxe4 12. Bxe4 f5 13. Bg2 e5 14. Nxc4 Nxc4 15. Qxc4+ {[%emt 0:00:16] [#]} Kh8 $146 ({Predecessor:} 15... Be6 16. d5 Bf7 17. Qa4 c5 18. Bd2 a6 {½-½ (18) Jonsson,K (2109)-Sandstrom,A (1999) Tylosand 2012}) 16. d5 c5 17. b3 a6 18. Bb2 (18. e4 $11) 18... b5 19. Qc2 Bb7 20. a4 e4 21. e3 Rfd8 22. axb5 axb5 23. Rxa8 Rxa8 24. Bf1 b4 25. Bb5 Ra5 26. Qe2 Kg8 27. Bc4 Bc8 28. Rf1 Bd7 29. Ra1 Qd8 30. Qd1 {[%emt 0:02:21] Hoping for Rxa5.} (30. Rxa5 {is interesting.} Qxa5 31. Qh5 Qd8 32. Kg2) 30... h6 $2 (30... Be8 $11) 31. Rxa5 $18 Qxa5 {[%emt 0:00:07] [#]} 32. Qh5 {[%emt 0:00:58] Inhibits Be8. Qg6 would kill now.} Qa2 33. Qg6 Qxb2 34. Qxd6 Qa1+ 35. Kg2 Qa7 36. Qe7 f4 37. d6+ {[%emt 0:01:09] Weighted Error Value: White=0.06 (flawless) /Black=0.80} 1-0

[Event "Czech Championship 2022"]
[Site "Usti nad Labem"]
[Date "2022.05.16"]
[Round "3.10"]
[White "Brejnik, Gustav"]
[Black "Nemec, Jachym"]
[Result "0-1"]
[ECO "A79"]
[WhiteElo "2246"]
[BlackElo "2367"]
[Annotator "TA"]
[PlyCount "120"]
[EventDate "2022.05.12"]
[EventType "swiss"]
[EventCountry "CZE"]
[SourceTitle "playchess.com"]
[Source "ChessBase"]
[SourceQuality "1"]
[TimeControl "40/5400+30:1800+30"]

1. d4 Nf6 2. c4 e6 3. Nf3 c5 4. d5 exd5 5. cxd5 d6 6. Nc3 g6 7. e4 Bg7 8. Be2 O-O 9. Nd2 Re8 10. O-O Na6 11. f3 Nc7 12. a4 b6 13. Kh1 Nh5 {[%emt 0:18:22] A79: Modern Benoni: Classical: 9...Re8 10 Nd2 Na6 11 f3.} (13... Nd7 $14) 14. Nc4 $16 Ba6 15. g4 $1 {[%emt 0:00:00] Against f5} Nf6 {[%emt 0:02:47] White is better.} 16. Bf4 Bxc4 17. Bxc4 {[%emt 0:00:00] [#]} Qe7 $146 {[%emt 0:05:04] [#]} (17... a6 $14) ({Predecessor:} 17... a6 18. Qd3 h5 19. g5 Nh7 20. h4 Qd7 21. Kh2 Nf8 22. Bg3 b5 23. axb5 Bxc3 24. Qxc3 axb5 {1-0 (41) Artemiev,V (2570)-Indjic,A (2538) Yerevan 2014}) 18. e5 $1 dxe5 19. d6 Qf8 20. dxc7 exf4 21. g5 Nh5 22. Nb5 ({White should play} 22. a5 $16 {Hoping for axb6.} Bxc3 23. bxc3) 22... Be5 23. Re1 {[%emt 0:00:00] And now Qd5 would win.} a6 24. Rxe5 Rxe5 $11 25. Nd6 {[%emt 0:00:00] [#]} Re1+ $1 26. Qxe1 Qxd6 27. Qe4 $132 {[%emt 0:04:23][%mdl 2048] White puts up resistance} Rc8 28. Re1 $1 {[%emt 0:00:33][%cal Oe4e8] Qe8+! is the strong threat.} Qxc7 29. Qe7 Qxe7 30. Rxe7 {[%emt 0:00:01][%mdl 4096] Endgame KRB-KRN} b5 31. axb5 axb5 32. Bxb5 c4 33. Re2 (33. Re8+ $11 Rxe8 34. Bxe8) 33... Rc5 $17 34. Ba6 c3 35. bxc3 Rxc3 ({Better is} 35... Rxg5 $17 36. c4 Ng7) 36. Kg2 $15 Ng7 37. Re4 $1 Ne6 {[%emt 0:00:21] Strongly threatening ...Rc2+.} 38. Bc4 (38. h4 $1 $11 {and White is okay.}) 38... Rc2+ $19 ({Weaker is} 38... Nxg5 39. Rxf4 Kg7 40. h4 $17) 39. Kh1 Rc1+ (39... Nxg5 $19 40. Rxf4 Rf2) 40. Kg2 $17 Rc2+ (40... Nxg5 $17 41. Rxf4 Kg7) 41. Kh1 $1 $19 Nxg5 42. Rxf4 Rf2 (42... Kg7 $142 43. h4 Ne6 44. Bxe6 fxe6) 43. Bd5 $17 Rd2 44. Bc4 Kg7 {[%emt 0:06:33] Black is more active.} 45. h4 Ne6 46. Bxe6 fxe6 {[%emt 0:00:05] KR-KR} 47. Kg1 $2 (47. Re4 $17) 47... e5 48. Re4 Kf6 {[%emt 0:00:08] White must now prevent ...Rd4.} 49. f4 $2 (49. h5 $17) 49... Kf5 $19 50. Rxe5+ Kxf4 51. Re7 h5 ({Black should try} 51... Kg3 $19 {( -> ...Rd1+)} 52. Kf1 Rf2+ 53. Ke1 h5) 52. Rg7 $2 {[%emt 0:00:00][%mdl 8192] [#]} (52. Rb7 $11) 52... Rd6 $1 {[%emt 0:00:57] Black is clearly winning.} 53. Ra7 Kg3 54. Ra3+ Kxh4 55. Kg2 Kg5 56. Kg3 Rd5 57. Rb3 h4+ 58. Kh3 Kh5 59. Rb8 Rd3+ 60. Kg2 g5 {[%emt 0:00:08] Weighted Error Value: White=0.42/Black=0.25 (precise)} 0-1